 Dungeon Crawl Stone Soup version 0.14-a0-1330-g3eed206 (webtiles) character file.

174 PolkaDot the Skirmisher (level 4, -3/35 HPs)
             Began as a Vampire Death Knight on Dec 6, 2013.
             Was a Believer of Yredelemnul.
             Killed from afar by an orc wizard (6 damage)
             ... with a puff of flame
             ... on Level 3 of the Dungeon.
             The game lasted 00:05:44 (1599 turns).

PolkaDot the Skirmisher (Vampire Death Knight)      Turns: 1599, Time: 00:05:44

HP  -3/35        AC  3     Str 12      XL: 4   Next: 19%
MP   5/5         EV 11     Int 13      God: Yredelemnul [**....]
Gold 93          SH  0     Dex 14      Spells:  0 memorised,  3 levels left

rFire  . . .     SeeInvis +     a - +1 short sword
rCold  . . .     Clarity  .     g - +0 leather armour (curse)
rNeg   . . .     Conserve .     (no shield)
rPois  .         rCorr    .     (no helmet)
rElec  .         rRot     .     (no cloak)
SustAb . .       Spirit   .     (no gloves)
rMut   .         Warding  .     (no boots)
Saprov . . .     Stasis   .     (no amulet)
                                (no ring)
                                (no ring)

@: regenerating quickly, invisible, mildly poisoned, very slightly contaminated,
hasted, very quick, slightly resistant to hostile enchantments, unstealthy
A: fangs 3, see invisible, unbreathing
a: Animate Remains, Recall Undead Slaves, Injury Mirror, Renounce Religion


You were on level 3 of the Dungeon.
You worshipped Yredelemnul.
Yredelemnul was pleased with you.
You were full.

You visited 1 branch of the dungeon, and saw 3 of its levels.

You collected 93 gold pieces.

Inventory:

Hand weapons
 a - a +1,+1 short sword (weapon)
Armour
 g - a cursed +0 leather armour (worn)
Scrolls
 b - a scroll of teleportation
 f - 2 scrolls of identify {unknown}
 h - a scroll of curse jewellery {unknown}
 j - a scroll of remove curse {unknown}
 k - a scroll of recharging {unknown}
 l - a scroll of curse armour {unknown}


   Skills:
 * Level 3.0 Fighting
 + Level 2.8 Short Blades
 - Level 0.7 Armour
 + Level 2.1 Dodging
 + Level 2.9 Invocations


You had 3 spell levels left.
You didn't know any spells.

Dungeon Overview and Level Annotations

Branches:
Dungeon (3/16)

Altars:
Nemelex Xobeh


Innate Abilities, Weirdness & Mutations

Your natural rate of healing is unusually fast.
You have razor-sharp teeth.*
You have supernaturally acute eyesight.
You can survive without breathing.*


Message History

The orc is almost dead.
You catch the helpless orc completely off-guard!
You hit the orc.
You kill the orc!
Yredelemnul accepts your kill.
* * * LOW HITPOINT WARNING * * *
You feel sick.
* * * LOW HITPOINT WARNING * * *
You feel sick.
Things that are here:
an orcish flail; an orcish leather armour
* * * LOW HITPOINT WARNING * * *
You feel sick.
* * * LOW HITPOINT WARNING * * *
You feel sick.
The orc wizard casts a spell at something.
The orc wizard gestures at you while chanting.
The puff of flame hits you!
You die...
Yredelemnul claims you as an undead slave.

#.# #.....# #.# #.....#
#.# #.....### #.#
#......... #.# #.........
#.# #.$"...... #.#
#......%...
########.######)#########
#...........)@.).o.......
#......#.######.#########
#......#.# #..o..o...
#......#.######..######
#................#
#......#.#######.#
#......#.# .# #......#.#
.# #......#.# .#


You could see an orc priest and an orc wizard.

Vanquished Creatures
  An adder (D:2)
  2 giant geckos (D:2)
  4 oozes
  2 orcs
  3 bats (D:1)
  2 giant cockroaches (D:2)
  5 goblins
  9 hobgoblins
  2 jackals (D:1)
  2 kobolds (D:1)
  2 quokkas
  A ball python (D:2)
  5 giant newts (D:2)
  4 rats
44 creatures vanquished.

Vanquished Creatures (collateral kills)
  Jessica (D:2)
  An orc (D:3)
2 creatures vanquished.

Vanquished Creatures (others)
  A giant gecko skeleton (D:3)
  A hobgoblin zombie (D:3)
2 creatures vanquished.

Grand Total: 48 creatures vanquished

Notes
Turn   | Place    | Note
--------------------------------------------------------------
     0 | D:1      | PolkaDot, the Vampire Death Knight, began the quest for the Orb.
     0 | D:1      | Reached XP level 1. HP: 16/16 MP: 1/1
   104 | D:1      | Reached XP level 2. HP: 8/22 MP: 2/2
   687 | D:2      | Noticed Jessica
   696 | D:2      | Killed Jessica
   696 | D:2      | Reached XP level 3. HP: 24/28 MP: 4/4
   698 | D:2      | Acquired Yredelemnul's second power
  1395 | D:2      | Found a sparkling altar of Nemelex Xobeh.
  1411 | D:2      | Reached XP level 4. HP: 26/34 MP: 3/5
  1528 | D:3      | Reached skill level 3 in Fighting
  1599 | D:3      | Killed from afar by an orc wizard

Action                   |  1- 3 |  4- 6 || total
-------------------------+-------+-------++-------
Melee: Short sword       |   111 |    32 ||   143
Invok: Animate Remains   |    10 |     2 ||    12
  Use: Potion            |     1 |     5 ||     6
       Scroll            |     2 |       ||     2
 Stab: Invisible         |       |     1 ||     1
